 Dungeon Crawl Stone Soup version 0.17.0-18-gaab0e96 (webtiles) character file.

90460 xeno23 the Nimble (level 16, -3/104 HPs)
             Began as a Tengu Air Elementalist on Nov 11, 2015.
             Was the Champion of Vehumet.
             Slain by Agnes
             ... wielding a +0 lajatang
              (12 damage)
             ... on level 1 of the Spider Nest.
             The game lasted 03:41:28 (30044 turns).

xeno23 the Nimble (Tengu Air Elementalist)         Turns: 30044, Time: 03:41:28

Health: -3/104     AC: 21    Str: 13    XL:     16   Next: 0%
Magic:  23/31      EV: 26    Int: 21    God:    Vehumet [******]
Gold:   877        SH:  0    Dex: 20    Spells: 10 memorised, 1 level left

rFire  + . .     SeeInvis .     N - +8 rapier (flame)
rCold  . . .     Clarity  .     m - +4 ring mail of Day {rC+ Str+4 Stlth+}
rNeg   + . .     SustAt   .     (no shield)
rPois  +         Gourm    +     (helmet restricted)
rElec  .         Spirit   .     E - +1 cloak
rCorr  .         Warding  .     d - +2 pair of gloves
rMut   .         Stasis   .     (boots unavailable)
MR     +....                    M - amulet of the gourmand
Stlth  ++++......               y - +6 ring of protection
                                L - ring "Fag Alo" {Fire rPois rN+ Dex+4 Stlth+}

@: flying quickly and evasively, repel missiles, quick, somewhat resistant to
hostile enchantments, stealthy
A: beak, talons 3, able to fly 2
a: Stop Flying, Renounce Religion


You were on level 1 of the Spider Nest.
You worshipped Vehumet.
Vehumet was exalted by your worship.
You were not hungry.

You visited 4 branches of the dungeon, and saw 25 of its levels.
You also visited: Ice Cave and Volcano.

You collected 3186 gold pieces.
You spent 2309 gold pieces at shops.

Inventory:

Hand Weapons
 e - a +2 demon blade of flaming
 q - a +0 blowgun
 N - a +8 rapier of flaming (weapon)
Missiles
 r - 10 curare-tipped needles
 S - 33 poisoned needles
Armour
 d - a +2 pair of gloves (worn)
 m - the +4 ring mail of Day (worn) {rC+ Str+4 Stlth+}
   (You found it on level 1 of the Spider Nest)

   It affects your strength (+4).
   It protects you from cold.
   It makes you more stealthy.
 n - an ice dragon hide
 D - a +2 leather armour of magic resistance
 E - a +1 cloak (worn)
 O - a +0 leather armour of cold resistance
 P - a +3 ring mail of cold resistance
Jewellery
 i - a +3 ring of dexterity
 v - a +3 ring of intelligence
 y - a +6 ring of protection (right hand)
 C - an uncursed ring of teleportation
 L - the ring "Fag Alo" (left hand) {Fire rPois rN+ Dex+4 Stlth+}
   (You bought it in a shop on level 4 of the Orcish Mines)

   [ring of fire]

   It enhances your fire magic, and weakens your ice magic.
   It affects your dexterity (+4).
   It protects you from fire.
   It makes you vulnerable to cold.
   It protects you from poison.
   It protects you from negative energy.
   It makes you more stealthy.
 M - an amulet of the gourmand (around neck)
 R - an uncursed ring of see invisible
Wands
 l - a wand of heal wounds (0)
 u - a wand of disintegration (12)
 K - a wand of fire (7)
Scrolls
 h - 4 scrolls of immolation
 p - 2 scrolls of fog
 s - 2 scrolls of amnesia
 x - 4 scrolls of magic mapping
 A - 6 scrolls of enchant weapon
 Q - 3 scrolls of remove curse
Potions
 a - 3 potions of ambrosia
 f - 2 potions of agility
 j - 4 potions of resistance
 k - a potion of magic
 t - 3 potions of might
 B - 3 potions of curing
 J - a potion of haste
 V - 2 potions of brilliance
Books
 c - a book of Clouds

   Spells                             Type                      Level
   a - Mephitic Cloud                 Conjuration/Poison/Air       3
   b - Conjure Flame                  Conjuration/Fire             3
   c - Poisonous Cloud                Conjuration/Poison/Air       6
   d - Freezing Cloud                 Conjuration/Ice/Air          6
   e - Ring of Flames                 Charms/Fire                  7
 o - a book of the Tempests

   Spells                             Type                      Level
   a - Static Discharge               Conjuration/Air              3
   b - Lightning Bolt                 Conjuration/Air              5
   c - Fireball                       Conjuration/Fire             5
   d - Tornado                        Air                          9
   e - Shatter                        Earth                        9
Comestibles
 b - 11 fruits
 g - 12 meat rations


   Skills:
 - Level 13.2 Fighting
 + Level 5.6 Armour
 - Level 14.5 Dodging
 - Level 2.0 Stealth
 - Level 10.3 Spellcasting
 - Level 14.0 Conjurations
 - Level 4.5 Translocations
 - Level 14.1 Air Magic
 + Level 4.9 Poison Magic


You had one spell level left.
You knew the following spells:

 Your Spells              Type           Power        Failure   Level  Hunger
a - Shock                 Conj/Air       ####         1%          1    None
b - Swiftness             Chrm/Air       #####...     1%          2    None
c - Airstrike             Air            ######....   1%          4    ##.....
d - Conjure Ball Lightni  Conj/Air       ######....   2%          6    ######.
e - Poisonous Cloud       Conj/Pois/Air  ######....   5%          6    ######.
q - Static Discharge      Conj/Air       ######..     1%          3    None
r - Repel Missiles        Chrm/Air       #####.       1%          2    None
s - Mephitic Cloud        Conj/Pois/Air  ######..     1%          3    None
v - Blink                 Tloc           N/A          2%          2    None
w - Lightning Bolt        Conj/Air       ######....   1%          5    ####...


Dungeon Overview and Level Annotations

Branches:
Dungeon (11/15)            Temple (0/1) D:6            Lair (8/8) D:9
 Shoals (0/4) Lair:6       Spider (2/4) Lair:6        Slime (0/6) Lair:8
    Orc (4/4) D:11            Elf (0/3) Orc:4

Altars:
Ashenzari
Dithmenos
Gozag
Makhleb
Okawaru
Qazlal
Ru
Sif Muna
Vehumet
Beogh

Shops:
D:4 !   D:7 (   D:11 %   Orc:4 ([*=

Portals:
Trove: D:11 (give horn of Geryon)

Annotations:
Spider:1 Agnes


Innate Abilities, Weirdness & Mutations

You have a beak for a mouth.
You have claws for feet.
You can fly continuously.


Message History

You blink.
Agnes hits you with a lajatang!!
* * * LOW HITPOINT WARNING * * *
You take 20 damage.
Drink which item? (? for menu, Esc to quit)
You feel better. Agnes hits you with a lajatang.
* * * LOW HITPOINT WARNING * * *
Read which item? (? for menu, Esc to quit)
Okay, then.
Agnes hits you but does no damage.
Drink which item? (? for menu, Esc to quit)
You feel better. Agnes hits you with a lajatang!!
* * * LOW HITPOINT WARNING * * *
You take 11 damage.
Read which item? (? for menu, Esc to quit)
Okay, then.
Evoke which item? (* to show all) (? for menu, Esc to quit)
Okay, then.
Drink which item? (? for menu, Esc to quit)
Magic courses through your body. Agnes hits you with a lajatang!
You die...

##.... ..... ....
#... ## #...##.
...##....
........# #@##
....... ##i###
....... #...##
....... #....##
§...... #.....##
#§......
###$...##§#......
.#
#....%.#§##.....
#.
#.....§§###....#
#..
##†...§§§....# #


You could see Agnes.

Vanquished Creatures
  Maud (Orc:2)
  An orc warlord (Orc:4)
  Louise (Spider:2)
  Josephine (Orc:4)
  Harold (Lair:1)
  A catoblepas (Lair:4)
  An ice dragon (Orc:4)
  4 hydras
  3 orc high priests (Orc:4)
  Sonja (Lair:2)
  Nergalle (Orc:1)
  11 spriggans (Lair:8)
  A fire crab (Lair:6)
  3 unseen horrors
  An orange crystal statue (D:11)
  4 orc knights
  5 hill giants
  4 orb spiders
  A moth of wrath (Spider:2)
  A griffon (Lair:6)
  5 orc sorcerers (Orc:4)
  5 wolf spiders
  14 elephants
  A manticore (D:11)
  An ugly thing (D:11)
  Joseph (D:9)
  5 black mambas
  2 torpor snails
  3 centaur skeletons
  A demonic crawler (Spider:2)
  13 spiny frogs
  4 komodo dragons
  A spriggan druid (Lair:8)
  2 fire drakes
  17 jumping spiders
  2 slime creatures (Lair:8)
  7 polar bears
  A merfolk (Lair:6)
  7 blink frogs
  2 two-headed ogres
  A boulder beetle (Lair:8)
  A troll (D:10)
  3 wraiths (Orc:4)
  6 tarantellas
  A vampire (Volcano)
  2 flying skulls (Volcano)
  3 trapdoor spiders
  2 deep elf magi
  2 wyverns
  Eustachio (D:4)
  22 redbacks
  2 basilisks
  6 hippogriffs
  49 yaks
  22 wolves
  A steam dragon (Lair:4)
  2 wargs (Orc:3)
  Edmund (D:5)
  A mottled dragon (Lair:4)
  The ghost of Britaniac the Magician, an amateur DEFE (D:5)
  A swamp drake (Lair:4)
  15 water moccasins
  A phantom (D:4)
  3 sky beasts
  A necrophage (D:8)
  3 wasps (Lair:8)
  9 spiders (Spider:2)
  17 ogres
  7 ice beasts (IceCv)
  12 black bears
  37 orc warriors
  11 porcupines
  4 centaurs
  14 crocodiles
  3 big kobolds
  Blork the orc (D:6)
  15 giant frogs
  A wyvern zombie (D:6)
  23 killer bees
  A water moccasin skeleton (D:7)
  4 scorpions
  4 electric eels
  A quasit (D:7)
  2 centaur zombies
  A giant frog zombie (D:11)
  39 orc priests
  2 crimson imps
  9 hounds
  8 jellies
  6 worker ants
  29 orc wizards
  A giant frog skeleton (D:9)
  8 iguanas
  A killer bee zombie (D:8)
  A statue (D:6)
  14 sheep
  2 mummies (Volcano)
  2 hound skeletons
  2 worker ant zombies
  Robin (D:2)
  10 adders
  69 river rats
  4 shadow imps
  4 gnolls (Orc:4)
  3 oozes
  2 adder skeletons
  A worm (D:2)
  171 orcs
  A bat (D:2)
  7 giant cockroaches
  15 goblins
  8 hobgoblins
  12 jackals
  16 kobolds
  4 quokkas
  2 giant geckos
  2 giant gecko skeletons
  3 giant newts
  A quokka skeleton (D:9)
  5 rats
  7 fungi
  3 plants (Lair:8)
936 creatures vanquished.

Vanquished Creatures (others)
  5 ball lightnings
  A spriggan (Lair:8)
  A porcupine (Lair:6)
  A crocodile (Lair:8)
  2 river rats (Lair:6)
  26 fungi
  9 plants
45 creatures vanquished.

Grand Total: 981 creatures vanquished

Notes
Turn   | Place    | Note
--------------------------------------------------------------
     0 | D:1      | xeno23 the Tengu Air Elementalist began the quest for the Orb.
     0 | D:1      | Reached XP level 1. HP: 10/10 MP: 4/4
   236 | D:1      | Reached XP level 2. HP: 15/15 MP: 0/6
   617 | D:2      | Reached XP level 3. HP: 19/19 MP: 0/7
   720 | D:2      | Noticed Robin
   778 | D:2      | Killed Robin
  1171 | D:2      | Reached skill level 5 in Air Magic
  1207 | D:2      | Reached XP level 4. HP: 16/24 MP: 3/9
  2004 | D:3      | Learned a level 3 spell: Static Discharge
  2007 | D:3      | Learned a level 2 spell: Repel Missiles
  2010 | D:3      | Learned a level 2 spell: Swiftness
  2182 | D:3      | Found an iron altar of Okawaru.
  2435 | D:3      | Reached skill level 1 in Fighting
  2465 | D:3      | Gained mutation: You can fly. [Tengu growth]
  2465 | D:3      | Reached XP level 5. HP: 29/29 MP: 2/10
  2742 | D:4      | Reached XP level 6. HP: 23/35 MP: 0/11
  3040 | D:4      | Noticed a phantom
  3077 | D:4      | Killed a phantom
  3152 | D:4      | Noticed Eustachio
  3179 | D:4      | Found Bireiguo's Distillery.
  3186 | D:4      | Bought a potion of heal wounds for 55 gold pieces
  3186 | D:4      | Bought a potion of curing for 33 gold pieces
  3191 | D:5      | Entered Level 5 of the Dungeon
  3299 | D:5      | Reached XP level 7. HP: 35/40 MP: 4/12
  3513 | D:5      | Noticed Edmund
  3551 | D:5      | Killed Edmund
  3551 | D:5      | Reached skill level 6 in Air Magic
  3696 | D:5      | Found a radiant altar of Vehumet.
  3749 | D:5      | Became a worshipper of Vehumet
  3831 | D:5      | Noticed Britaniac's ghost (amateur DEFE)
  3845 | D:5      | Killed Britaniac's ghost
  3845 | D:5      | Reached skill level 5 in Dodging
  4277 | D:4      | Killed Eustachio
  4277 | D:4      | Reached skill level 5 in Conjurations
  4277 | D:4      | Reached XP level 8. HP: 45/48 MP: 9/14
  4712 | D:6      | Reached * piety under Vehumet
  4712 | D:6      | Offered knowledge of Flame Tongue by Vehumet.
  4759 | D:6      | Reached skill level 7 in Air Magic
  4827 | D:6      | Noticed Blork the orc
  4832 | D:6      | Killed Blork the orc
  4897 | D:6      | Found a staircase to the Ecumenical Temple.
  4926 | D:6      | Reached skill level 5 in Fighting
  4957 | D:6      | Reached XP level 9. HP: 41/54 MP: 8/16
  5061 | D:6      | Found a radiant altar of Vehumet.
  5154 | D:6      | Found a shattered altar of Ashenzari.
  5155 | D:6      | Found an opulent altar of Gozag.
  5155 | D:6      | Found a sacrificial altar of Ru.
  5432 | D:7      | Learned a level 5 spell: Lightning Bolt
  5611 | D:7      | Found Zuuc's Antique Weapon Shop.
  5884 | D:7      | Reached ** piety under Vehumet
  5884 | D:7      | Offered knowledge of Throw Frost by Vehumet.
  6314 | D:7      | Found a deep blue altar of Sif Muna.
  6350 | D:8      | You fall through a shaft for 3 floors!
  6376 | D:11     | Reached skill level 5 in Spellcasting
  6381 | D:11     | Found Hitimefe's Food Shop.
  6437 | D:11     | Noticed a centaur skeleton
  6447 | D:11     | Killed a centaur skeleton
  6447 | D:11     | Reached skill level 8 in Air Magic
  6520 | D:11     | Found a portal to a secret trove of treasure.
  6610 | D:10     | Entered Level 10 of the Dungeon
  6618 | D:10     | Noticed a hill giant
  6679 | D:10     | Killed a hill giant
  6679 | D:10     | Reached XP level 10. HP: 61/63 MP: 17/19
  6821 | D:10     | Killed an unseen horror
  7030 | D:9      | Noticed Joseph
  7095 | D:9      | Found a staircase to the Lair.
  7101 | D:9      | Found a shadowy altar of Dithmenos.
  7129 | D:10     | Offered knowledge of Mephitic Cloud by Vehumet.
  7129 | D:10     | Reached skill level 9 in Dodging
  7134 | D:10     | Learned a level 3 spell: Mephitic Cloud
  7444 | D:7      | Reached *** piety under Vehumet
  7638 | D:4      | Bought a potion of experience for 550 gold pieces
  7639 | D:4      | Reached skill level 10 in Dodging
  7639 | D:4      | Reached XP level 11. HP: 68/71 MP: 19/22
  8173 | D:8      | Found a burning altar of Makhleb.
  8204 | D:8      | Reached skill level 10 in Air Magic
  8407 | D:8      | Offered knowledge of Airstrike by Vehumet.
  8428 | D:8      | Learned a level 4 spell: Airstrike
  8601 | D:9      | Got a jewelled ring mail
  8772 | D:9      | Reached **** piety under Vehumet
  8876 | D:9      | Offered knowledge of Force Lance by Vehumet.
  8900 | D:9      | Killed Joseph
  8900 | D:9      | Reached XP level 12. HP: 75/77 MP: 4/24
  9021 | D:9      | Killed an unseen horror
  9021 | D:9      | Reached skill level 11 in Dodging
  9309 | Lair:1   | Entered Level 1 of the Lair of Beasts
  9368 | Lair:1   | Noticed Harold
  9384 | Lair:1   | Killed Harold
  9384 | Lair:1   | Reached skill level 10 in Fighting
  9390 | Lair:1   | Reached skill level 10 in Conjurations
 10174 | Lair:1   | Identified the +3 ring mail of the Guardian {*Drain +Fly rElec Slay+5} (You found it on level 9 of the Dungeon)
 10450 | Lair:2   | Reached ***** piety under Vehumet
 10454 | Lair:2   | Offered knowledge of Bolt of Draining by Vehumet.
 10788 | Lair:2   | Noticed an eight-headed hydra
 10792 | Lair:2   | Killed an eight-headed hydra
 10797 | Lair:2   | Noticed Sonja
 10804 | Lair:2   | Killed Sonja
 11173 | Lair:3   | Found a dark tunnel.
 11180 | Volcano  | Entered a volcano
 11628 | Lair:3   | Reached skill level 12 in Dodging
 11905 | Lair:3   | Got a twisted falchion
 11906 | Lair:3   | Identified the cursed +2 falchion of Putrescence {pain, rC- MR+ MP+9} (You found it on level 3 of the Lair of Beasts)
 12007 | Lair:3   | Reached XP level 13. HP: 64/84 MP: 26/26
 12046 | Lair:3   | Noticed an eight-headed hydra
 12058 | Lair:3   | Killed an eight-headed hydra
 12150 | Lair:3   | Found a stormy altar of Qazlal.
 13013 | Lair:4   | Found a radiant altar of Vehumet.
 14423 | Lair:5   | Offered knowledge of Conjure Ball Lightning by Vehumet.
 14445 | Lair:5   | Learned a level 6 spell: Conjure Ball Lightning
 14547 | Lair:6   | Found an opulent altar of Gozag.
 14741 | Lair:6   | Reached skill level 13 in Dodging
 15601 | Lair:6   | Found a staircase to the Shoals.
 15686 | Lair:6   | Found a hole to the Spider Nest.
 16658 | Lair:7   | Offered knowledge of Freezing Cloud by Vehumet.
 16928 | Lair:8   | Entered Level 8 of the Lair of Beasts
 16947 | Lair:8   | Gained mutation: You can fly continuously. [Tengu growth]
 16947 | Lair:8   | Reached XP level 14. HP: 92/92 MP: 21/28
 18318 | Lair:8   | Offered knowledge of Fireball by Vehumet.
 18503 | Lair:8   | Found a staircase to the Slime Pits.
 19430 | Lair:1   | Learned a level 2 spell: Blink
 19803 | D:10     | Noticed a hill giant
 19808 | D:10     | Killed a hill giant
 20049 | D:10     | Noticed a hill giant
 20055 | D:10     | Killed a hill giant
 20413 | D:11     | Noticed a five-headed hydra
 20418 | D:11     | Killed an unseen horror
 20422 | D:11     | Killed a five-headed hydra
 20422 | D:11     | Reached skill level 1 in Translocations
 20444 | D:11     | Noticed a centaur skeleton
 20466 | D:11     | Noticed a centaur zombie
 20474 | D:11     | Killed a centaur skeleton
 20474 | D:11     | Reached skill level 14 in Dodging
 20480 | D:11     | Killed a centaur zombie
 20625 | D:11     | Noticed an orange crystal statue
 20707 | D:11     | Noticed a hill giant
 20716 | D:11     | Killed a hill giant
 20957 | D:11     | Found a roughly hewn altar of Beogh.
 20957 | D:11     | Found a staircase to the Orcish Mines.
 20988 | D:11     | Offered knowledge of Ozocubu's Refrigeration by Vehumet.
 21026 | D:11     | Noticed an orc knight
 21054 | D:11     | Noticed a white ugly thing
 21059 | D:11     | Killed a white ugly thing
 21059 | D:11     | Reached skill level 10 in Spellcasting
 21329 | D:11     | Killed an orc knight
 22024 | D:11     | Killed an orange crystal statue
 22037 | D:11     | Identified the Almanac of Enhancements
 22161 | Orc:1    | Entered Level 1 of the Orcish Mines
 22505 | Orc:2    | Noticed Maud
 22513 | Orc:2    | Killed Maud
 22623 | Orc:2    | Reached XP level 15. HP: 83/97 MP: 21/30
 23158 | Orc:1    | Noticed Nergalle
 23173 | Orc:1    | Killed Nergalle
 23258 | Orc:3    | Offered knowledge of Delayed Fireball by Vehumet.
 23292 | Orc:3    | Found a flagged portal.
 24028 | Orc:4    | Entered Level 4 of the Orcish Mines
 24194 | Orc:4    | Found a frozen archway.
 24380 | IceCv    | Entered an ice cave
 24955 | Orc:4    | Noticed Josephine
 24976 | Orc:4    | Killed Josephine
 25090 | Orc:4    | Offered knowledge of Poisonous Cloud by Vehumet.
 25159 | Orc:4    | Found a staircase to the Elven Halls.
 25972 | Orc:4    | Paralysed by an orc sorcerer for 2 turns
 26657 | Orc:4    | Found Deag's Antique Armour Shop.
 26658 | Orc:4    | Found Sicasuew's Antique Weapon Shop.
 26665 | Orc:4    | Found Kiecopn's General Store.
 26665 | Orc:4    | Found Bocutori's Jewellery Boutique.
 26701 | Orc:4    | Bought a glowing robe for 21 gold pieces
 26701 | Orc:4    | Bought a runed leather armour for 62 gold pieces
 26701 | Orc:4    | Bought a glowing leather armour for 62 gold pieces
 26711 | Orc:4    | Bought a potion of curing for 45 gold pieces
 26711 | Orc:4    | Bought a scroll of identify for 30 gold pieces
 26711 | Orc:4    | Bought a potion of curing for 45 gold pieces
 26712 | Orc:4    | Bought an uncursed ring of see invisible for 240 gold pieces
 26858 | Orc:4    | Bought the ring "Fag Alo" {Fire rPois rN+ Dex+4 Stlth+} for 825 gold pieces
 27371 | D:4      | Bought a potion of resistance for 110 gold pieces
 27371 | D:4      | Bought a potion of poison for 11 gold pieces
 27371 | D:4      | Bought 2 potions of resistance for 220 gold pieces
 27980 | Spider:1 | Entered Level 1 of the Spider Nest
 28004 | Spider:1 | Learned a level 6 spell: Poisonous Cloud
 28221 | Spider:1 | Reached ****** piety under Vehumet
 28222 | Spider:1 | Reached skill level 1 in Armour
 28222 | Spider:1 | Reached skill level 1 in Poison Magic
 28592 | Spider:1 | Got an ancient ring mail
 28603 | Spider:1 | Identified the +4 ring mail of Day {rC+ Str+4 Stlth+} (You found it on level 1 of the Spider Nest)
 28613 | Spider:1 | Noticed Agnes
 28705 | Spider:2 | Offered knowledge of Glaciate by Vehumet.
 28705 | Spider:2 | Offered knowledge of Shatter by Vehumet.
 28705 | Spider:2 | Offered knowledge of Chain Lightning by Vehumet.
 29392 | Spider:2 | Noticed Louise
 29400 | Spider:2 | Killed Louise
 29411 | Spider:2 | Reached skill level 5 in Armour
 29968 | Spider:1 | Reached XP level 16. HP: 92/104 MP: 27/31
 30044 | Spider:1 | Slain by Agnes

Action                   |  1- 3 |  4- 6 |  7- 9 | 10-12 | 13-15 | 16-18 || total
-------------------------+-------+-------+-------+-------+-------+-------++-------
Melee: Unarmed           |     6 |       |       |       |       |       ||     6
       Dagger            |     8 |    10 |    24 |    76 |       |       ||   118
       Short sword       |       |     5 |    75 |   118 |       |       ||   198
       Demon blade       |       |       |       |    17 |       |       ||    17
       Rapier            |       |       |       |    13 |   932 |     1 ||   946
 Fire: Blowgun           |       |    15 |    32 |     9 |     9 |       ||    65
 Cast: Shock             |    69 |    87 |   144 |   281 |   573 |       ||  1154
       Repel Missiles    |       |     2 |     1 |       |     1 |       ||     4
       Static Discharge  |       |     5 |    25 |    45 |   188 |     3 ||   266
       Swiftness         |       |     1 |       |     1 |     3 |       ||     5
       Lightning Bolt    |       |       |       |    18 |   190 |     2 ||   210
       Mephitic Cloud    |       |       |       |    17 |    36 |       ||    53
       Airstrike         |       |       |       |    11 |    35 |       ||    46
       Conjure Ball Ligh |       |       |       |       |     3 |       ||     3
       Blink             |       |       |       |       |     5 |     2 ||     7
       Poisonous Cloud   |       |       |       |       |    13 |     2 ||    15
 Abil: Fly               |       |     1 |     2 |     4 |     1 |       ||     8
       Evoke Teleportati |       |       |     1 |     1 |     1 |       ||     3
Evoke: Wand              |       |       |       |     1 |    11 |     1 ||    13
  Use: Scroll            |       |     5 |     6 |     9 |    19 |       ||    39
       Potion            |       |       |     1 |     4 |     8 |     4 ||    17
 Stab: Sleeping          |       |       |     2 |       |     2 |       ||     4
       Confused          |       |       |       |     8 |     9 |       ||    17
  Eat: Chunk             |     2 |     7 |    13 |    42 |   101 |       ||   165
